 Dungeon Crawl Stone Soup version 0.17-a0-1923-gc35365e (webtiles) character file.

683 graki42 the Sneak (level 7, -1/49 HPs)
             Began as an Octopode Berserker on Sept 28, 2015.
             Was a Priest of Trog.
             Slain by musteatbrain's ghost (7 damage)
             ... on level 4 of the Dungeon.
             The game lasted 00:12:26 (3843 turns).

graki42 the Sneak (Octopode Berserker)              Turns: 3843, Time: 00:12:26

Health: -1/49      AC: -2    Str: 17    XL:     7   Next: 61%
Magic:  7/7        EV: 14    Int:  9    God:    Trog [***...]
Gold:   261        SH:  0    Dex: 13    Spells: 0 memorised, 6 levels left

rFire  . . .     SeeInvis .     m - +2 dagger (venom)
rCold  . . .     Clarity  +     (no shield)
rNeg   . . .     SustAt   .     (helmet restricted)
rPois  .         Gourm    .     a - amulet of clarity
rElec  .         Spirit   .     i - -3 ring of protection (curse)
rCorr  .         Warding  .     (no ring)
rMut   .         Stasis   .     (no ring)
MR     .....                    (no ring)
Stlth  ++++......               (no ring)
                                (no ring)
                                (no ring)
                                (no ring)

@: exhausted, slowed, very slow, not resistant to hostile enchantments, stealthy
A: almost no armour, amphibious, 8 rings, constrict 8, camouflage 1, gelatinous
body 1
a: Burn Spellbooks, Berserk, Trog's Hand, Renounce Religion


You were on level 4 of the Dungeon.
You worshipped Trog.
Trog was most pleased with you.
You were very hungry.

You visited 1 branch of the dungeon, and saw 6 of its levels.

You collected 261 gold pieces.

Inventory:

Hand weapons
 m - a +2 dagger of venom (weapon)
Missiles
 f - 4 needles of confusion
Jewellery
 a - an amulet of clarity (around mantle)
 i - a cursed -3 ring of protection (left tentacle)
Magical devices
 l - a wand of paralysis (9)
 r - a wand of disintegration (5)
Scrolls
 h - a scroll of fog {unknown}
 q - a scroll of remove curse {unknown}
 s - a scroll of teleportation {unknown}
Potions
 c - 5 potions of heal wounds {unknown}
 d - 2 potions of poison {unknown}
 e - a potion of agility
 j - a potion of brilliance
 n - a potion of magic {unknown}
 o - a potion of berserk rage {unknown}
 p - a potion of degeneration {unknown}
 t - a potion of curing {unknown}
Comestibles
 b - 2 bread rations
 g - 4 meat rations
 k - 4 fruits


   Skills:
 + Level 4.8 Fighting
 + Level 4.5 Short Blades
 + Level 5.2 Dodging
 + Level 6.1 Stealth


You had 6 spell levels left.
You didn't know any spells.

Dungeon Overview and Level Annotations

Branches:
Dungeon (6/15)             Temple (0/1) D:5

Altars:
Ashenzari
Qazlal

Annotations:
D:4 musteatbrain's ghost, experienced VSAs


Innate Abilities, Weirdness & Mutations

You cannot wear most types of armour.
You are amphibious.
You can wear up to eight rings at the same time.
You can use your tentacles to constrict eight enemies at once.
Your skin changes colour to match your surroundings (Stealth).
Your rubbery body absorbs attacks (AC +1).


Message History

The phantom blinks!
Evoke which item? (* to show all) (? for menu, Esc to quit)
Zapping:
r - a wand of disintegration {zapped: 5} (will waste charges)
Press: ? - help, Shift-Dir - straight line, f/p - phantom
Aim: a phantom (severely damaged, chance to defeat MR: 48%)
The phantom resists with some effort.
Evoking this partially-identified wand wasted a few charges.
Musteatbrain's ghost ripples.
The phantom blinks!
Musteatbrain's ghost shouts, "Death is your only future!"
Musteatbrain's ghost hits you.
Musteatbrain's ghost closely misses you.
The phantom blinks!
Musteatbrain's ghost hits you!
* * * LOW HITPOINT WARNING * * *
Musteatbrain's ghost hits you.
* * * LOW HITPOINT WARNING * * *
You see here a worker ant corpse.
Musteatbrain's ghost hits you!
You die...

#......# #..##.).#...##..###
######.## #..###..#...<#..#
#..# #..# #..#.####..# ##.##
#..###..#.# #..# #..#
#.......#.# #..# ##.##
#...#...#.# #..# #..#
#..†#...#.# #..# #.#
##.###.W.#...#.#
#.#######..##.@.#...#.####
###.#.............#.........
.##.#.######.###..#...#.####
.##.#.# #....<..#...#...
.##.#.# #.#.#.#.#...# ###
.##.#.# #.#...#.#?..#
....#.# #.##..#.#...#
......#####.##..#.#...#
................#.##..#


You could see musteatbrain's ghost.

Vanquished Creatures
  The ghost of graki42 the Sneak, an average OpBe of Trog (D:3)
  An ogre (D:4)
  A hound (D:5)
  2 centaur skeletons (D:4)
  2 iguanas (D:4)
  An orc wizard (D:3)
  3 worker ants
  6 adders
  2 oozes
  An adder zombie (D:3)
  A worm (D:3)
  5 giant geckos
  9 orcs
  3 ball pythons
  6 bats
  3 giant cockroaches
  4 goblins
  12 hobgoblins
  11 kobolds
  A quokka (D:2)
  6 giant newts
  12 jackals (D:2)
  8 rats
101 creatures vanquished.

Notes
Turn   | Place    | Note
--------------------------------------------------------------
     0 | D:1      | graki42 the Octopode Berserker began the quest for the Orb.
     0 | D:1      | Reached XP level 1. HP: 16/16 MP: 1/1
    65 | D:1      | Reached XP level 2. HP: 9/21 MP: 2/2
   431 | D:1      | Reached XP level 3. HP: 19/26 MP: 3/3
   954 | D:2      | Acquired Trog's second power
   970 | D:2      | Reached skill level 1 in Stealth
  1122 | D:2      | Found a shattered altar of Ashenzari.
  1132 | D:2      | Reached XP level 4. HP: 11/33 MP: 4/4
  1402 | D:2      | Found a stormy altar of Qazlal.
  1403 | D:2      | Noticed a fire elemental
  1405 | D:2      | Noticed a water elemental
  1405 | D:2      | Noticed an earth elemental
  1405 | D:2      | Noticed an air elemental
  2051 | D:3      | Reached skill level 4 in Dodging
  2051 | D:3      | Reached XP level 5. HP: 37/37 MP: 5/5
  2100 | D:3      | Noticed graki42's ghost (average OpBe)
  2110 | D:3      | Killed graki42's ghost
  2110 | D:3      | Reached XP level 6. HP: 43/43 MP: 6/6
  2198 | D:3      | Received a gift from Trog
  2415 | D:3      | You fall through a shaft for 3 floors!
  2501 | D:5      | Entered Level 5 of the Dungeon
  2871 | D:5      | Found a staircase to the Ecumenical Temple.
  2902 | D:5      | Reached skill level 5 in Stealth
  2902 | D:5      | Reached XP level 7. HP: 42/49 MP: 7/7
  2955 | D:4      | Reached skill level 5 in Dodging
  3351 | D:4      | Reached skill level 6 in Stealth
  3829 | D:4      | Noticed musteatbrain's ghost (experienced VSAs)
  3843 | D:4      | Slain by musteatbrain's ghost

Vault maps used:
D:1:      dpeg_arrival_line_fractal, minmay_misc_feat_plants
D:2:      nicolae_qazlal_style_of_elements, ashenzari_altar_1
D:3:      nicolae_overflow_hidden_temple, first_bread
D:5:      minmay_temple_entry_junction, uniq_prince_ribbit1, uniq_edmund,
          uniq_pikel
D:6:      grunt_temple_overflow_magic_moments,
          gammafunk_temple_overflow_elements

Action                   |  1- 3 |  4- 6 |  7- 9 || total
-------------------------+-------+-------+-------++-------
Melee: Short sword       |    92 |   103 |       ||   195
       Dagger            |       |     5 |    39 ||    44
Invok: Berserk           |       |     1 |     2 ||     3
Evoke: Wand              |       |       |     3 ||     3
  Use: Scroll            |       |     3 |       ||     3
 Stab: Sleeping          |     2 |    13 |     3 ||    18
  Eat: Chunk             |     1 |     6 |     4 ||    11
